 Dungeon Crawl Stone Soup version 0.23-a0-143-g1adec7bb76 (webtiles) character file.

1670 PikkenKukken the Cutter (level 8, -5/63 HPs)
             Began as a Demonspawn Fighter on Sept 5, 2018.
             Was a Follower of Uskayaw.
             Slain by an orc warrior
             ... wielding a +0 halberd
              (8 damage)
             ... on level 7 of the Dungeon.
             The game lasted 00:09:33 (6912 turns).

PikkenKukken the Cutter (Demonspawn Fighter)        Turns: 6912, Time: 00:09:34

Health: -5/63      AC: 14    Str: 17    XL:     8   Next: 69%
Magic:  8/8        EV:  8    Int:  9    God:    Uskayaw [*.....]
Gold:   483        SH: 11    Dex: 15    Spells: 7/7 levels left

rFire    . . .     SeeInvis .   a - +1 rapier
rCold    + . .     Gourm    .   c - +1 shield
rNeg     . . .     Faith    .   r - +0 plate armour
rPois    .         Spirit   .   (no helmet)
rElec    .         Reflect  .   (no cloak)
rCorr    .         Harm     .   (no gloves)
MR       .....                  (no boots)
Stlth    ..........             (no amulet)
HPRegen  0.20/turn              i - +4 ring of evasion
MPRegen  0.11/turn              (no ring)

@: no status effects
A: claws 2, icy blue scales 1, cold resistance 1, powered by pain 1
a: Stomp, Renounce Religion


You were on level 7 of the Dungeon.
You worshipped Uskayaw.
Uskayaw was noncommittal.
You were not hungry.

You visited 1 branch of the dungeon, and saw 7 of its levels.

You collected 483 gold pieces.

Inventory:

Hand Weapons
 a - a +1 rapier (weapon)
Armour
 b - a +0 scale mail
 c - a +1 shield (worn)
 r - a +0 plate armour (worn)
Jewellery
 i - a +4 ring of evasion (left claw)
Wands
 g - a wand of flame (7)
 s - a wand of random effects (23)
Scrolls
 h - a scroll of identify
 l - a scroll of amnesia
 m - 2 scrolls of enchant weapon
 q - 4 scrolls of remove curse
Potions
 d - 2 potions of might
 e - 6 potions of curing
 j - 2 potions of heal wounds
 k - 2 potions of cancellation
 n - 4 potions of haste
 o - 3 potions of lignification
 p - a potion of brilliance
Comestibles
 f - 9 rations
 t - 2 chunks of flesh


   Skills:
 + Level 5.4 Fighting
 * Level 6.2 Short Blades
 + Level 5.0 Armour
 + Level 3.4 Dodging
 + Level 4.9 Shields


You had 7 spell levels left.
You didn't know any spells.
Your spell library contained the following spells:

 Spells                   Type           Power        Failure   Level  Hunger
 Confusing Touch          Hex            #.....       100%        1    ##.....
 Magic Dart               Conj           #...         100%        1    ##.....
 Blink                    Tloc           N/A          100%        2    ###....
 Call Imp                 Summ           #.......     100%        2    ###....
 Slow                     Hex            #.......     100%        2    ###....
 Confuse                  Hex            #.......     100%        3    ####...
 Conjure Flame            Conj/Fire      #.......     100%        3    ####...
 Gell's Gravitas          Tloc           #.........   100%        3    ####...
 Mephitic Cloud           Conj/Pois/Air  #.......     100%        3    ####...
 Petrify                  Tmut/Erth      #.......     100%        4    #####..
 Metabolic Englaciation   Hex/Ice        #.........   100%        5    ######.
 Yara's Violent Unravell  Hex/Tmut       #.........   100%        5    ######.


Dungeon Overview and Level Annotations

Branches:
Dungeon (7/15)             Temple (0/1) D:6

Altars:
Cheibriados
Dithmenos
Fedhas
Hepliaklqana
Makhleb
Nemelex Xobeh
Okawaru
Uskayaw


Innate Abilities, Weirdness & Mutations

You have very sharp fingernails.
You are partially covered in icy blue scales. (AC +2)
Your flesh is cold resistant. (rC+)
You sometimes gain a little power by taking damage.


Message History

The orc wizard barely misses you. You block the orc's attack.
You barely miss the orc.
The orc warrior hits you with a halberd!
The orc wizard barely misses you. The orc completely misses you.
You hit the orc.
You kill the orc!
The orc warrior barely misses you.
The orc wizard hits you but does no damage.
You can now pass through a line of other dancers.
The orc warrior hits you from afar with a halberd!
* * * LOW HITPOINT WARNING * * *
Things that are here:
a trident; a leather armour; an orc corpse The orc wizard points at you and mumbles some strange words.
The magic dart hits you!
* * * LOW HITPOINT WARNING * * *
You can no longer pass through a line of other dancers.
There is an escape hatch in the ceiling here.
The orc warrior hits you from afar with a halberd!
You die...

...............#
#.
...............#
.......$.......##
o..........)....#
...........).$..#
................#
................#
.............o.o#
...............@#
.#####.##########
##


You could see an orc warrior and an orc wizard.

Vanquished Creatures
  Grinder (D:4)
  Sigmund (D:4)
  Menkaure (D:6)
  A centaur (D:6)
  A phantom (D:5)
  A crocodile (D:7)
  2 howler monkeys
  2 crimson imps
  A centaur zombie (D:5)
  5 hounds
  A jelly (D:6)
  An orc priest (D:4)
  A bullfrog skeleton (D:4)
  Natasha (twice) (D:2)
  An iguana (D:4)
  2 orc wizards
  5 worker ants
  A worker ant zombie (D:5)
  7 gnolls
  8 adders
  A shadow imp (D:5)
  An ooze (D:1)
  An adder skeleton (D:6)
  A worm (D:2)
  9 dart slugs
  3 leopard geckos
  15 orcs
  2 ball pythons
  8 bats
  7 giant cockroaches
  6 goblins
  7 hobgoblins
  13 jackals
  3 quokkas
  6 frilled lizards
  A jackal skeleton (D:5)
  12 kobolds
  A leopard gecko skeleton (D:6)
  10 rats
152 creatures vanquished.

Notes
Turn   | Place    | Note
-------+----------+-------------------------------------------
     0 | D:1      | PikkenKukken the Demonspawn Fighter began the quest for the
                  | Orb.
     0 | D:1      | Reached XP level 1. HP: 18/18 MP: 1/1
    34 | D:1      | Reached skill level 2 in Short Blades
    45 | D:1      | Gained mutation: Your flesh is cold resistant. (rC+)
                  | [demonic ancestry]
    45 | D:1      | Reached XP level 2. HP: 2/24 MP: 2/2
   727 | D:1      | Gained mutation: You have sharp fingernails. [demonic
                  | ancestry]
   727 | D:1      | Reached XP level 3. HP: 20/29 MP: 3/3
  1674 | D:2      | Reached XP level 4. HP: 25/35 MP: 4/4
  1920 | D:2      | Noticed Natasha
  1935 | D:2      | Killed Natasha
  1935 | D:2      | Reached skill level 3 in Short Blades
  2130 | D:2      | Noticed Natasha
  2160 | D:2      | Killed Natasha
  2581 | D:2      | Gained mutation: You are partially covered in icy blue
                  | scales. (AC +2) [demonic ancestry]
  2581 | D:2      | Reached XP level 5. HP: 40/41 MP: 5/5
  3275 | D:3      | Found an iron altar of Okawaru.
  3468 | D:4      | Gained mutation: You sometimes gain a little power by
                  | taking damage. [demonic ancestry]
  3468 | D:4      | Reached XP level 6. HP: 31/48 MP: 6/6
  3706 | D:4      | Reached skill level 1 in Dodging
  3707 | D:4      | Noticed Grinder
  3710 | D:4      | Paralysed by Grinder for 3 turns
  3715 | D:4      | Reached skill level 4 in Short Blades
  3723 | D:4      | Killed Grinder
  3723 | D:4      | Reached XP level 7. HP: 44/54 MP: 7/7
  3781 | D:4      | Found a blossoming altar of Fedhas.
  3947 | D:4      | Found a snail-covered altar of Cheibriados.
  3949 | D:4      | Noticed Sigmund
  3986 | D:4      | Killed Sigmund
  4377 | D:4      | Found a hazy altar of Hepliaklqana.
  4379 | D:4      | Found a shadowy altar of Dithmenos.
  4636 | D:5      | Entered Level 5 of the Dungeon
  4780 | D:4      | Reached skill level 5 in Short Blades
  5331 | D:5      | Gained mutation: You have very sharp fingernails. [demonic
                  | ancestry]
  5331 | D:5      | Reached XP level 8. HP: 56/61 MP: 8/8
  5808 | D:5      | Found a burning altar of Makhleb.
  5814 | D:5      | Reached skill level 5 in Fighting
  6086 | D:6      | Noticed Menkaure
  6095 | D:6      | Killed Menkaure
  6171 | D:6      | Found a sparkling altar of Nemelex Xobeh.
  6348 | D:6      | Found a hide-covered altar of Uskayaw.
  6371 | D:6      | Became a worshipper of Uskayaw the Reveler
  6413 | D:6      | Reached skill level 6 in Short Blades
  6413 | D:6      | Reached * piety under Uskayaw
  6435 | D:6      | Reached ** piety under Uskayaw
  6446 | D:6      | Reached *** piety under Uskayaw
  6474 | D:6      | Reached skill level 5 in Armour
  6550 | D:6      | Found a staircase to the Ecumenical Temple.
  6907 | D:7      | HP: 3/63 [orc warrior/halberd (16)]
  6912 | D:7      | Slain by an orc warrior

Vault maps used:
D:1:      minmay_arrival_jagged, st_stairs_6
D:2:      uniq_natasha
D:3:      okawaru_metal_pillars_1_2
D:4:      lemuel_coloured_pillars_altar,
          chequers_temple_overflow_statue_of_worship, first_ration,
          cheibriados_altar_1, uniq_sigmund, uniq_grinder
D:5:      nicolae_overflow_crystal_walls
D:6:      minmay_temple_entry_enclosed_plants, hangedman_feature_mirror,
          uniq_menkaure
D:7:      gammafunk_temple_overflow_statue

Skill      XL: |  1  2  3  4  5  6  7  8 |
---------------+-------------------------+-----
Short Blades   | 2 3 4 5 6 |  6.2
Shields        | 3 4 |  4.9
Armour         | 3 4 5 |  5.0
Fighting       | 4 5 |  5.4
Dodging        | 1 2 3 |  3.4

Action                   |  1- 3 |  4- 6 |  7- 9 || total
-------------------------+-------+-------+-------++-------
Melee: Rapier            |   169 |   208 |   406 ||   783
  Use: Scroll            |     4 |     6 |     6 ||    16
       Potion            |     2 |     2 |       ||     4
 Stab: Paralysed         |       |       |     1 ||     1
  Eat: Chunk             |     3 |     6 |    11 ||    20
Armor: Scale mail        |   105 |    85 |    31 ||   221
       Plate armour      |       |       |    94 ||    94
Dodge: Dodged            |    56 |   127 |   114 ||   297
Block: Shield            |    95 |   143 |   216 ||   454

Table legend:
 A = Non-vault XP
 B = Vault XP
 C = Vault XP percentage of total XP
 D = Non-vault monster count
 E = Vault monster count
 F = Vault count percentage of total count
                 A         B        C        D         E       F
            +---------+---------+-------+---------+---------+-------
      Total |    1667 |     719 |  30.1 |     145 |       7 |   4.6
            +---------+---------+-------+---------+---------+-------
        D:1 |      84 |       3 |   3.4 |      36 |       2 |   5.3
        D:2 |      90 |      36 |  28.6 |      18 |       1 |   5.3
        D:3 |     136 |       0 |   0.0 |      35 |       0 |   0.0
        D:4 |     345 |     479 |  58.1 |      11 |       2 |  15.4
        D:5 |     507 |       0 |   0.0 |      27 |       0 |   0.0
        D:6 |     396 |     201 |  33.7 |      15 |       2 |  11.8
        D:7 |     109 |       0 |   0.0 |       3 |       0 |   0.0
            +---------+---------+-------+---------+---------+-------
